 Dungeon Crawl Stone Soup version 0.29.1-2-gbd0b4ee654 (webtiles) character file.

Game seed: 10311563420787930897

3593 Ascent the Cleaver (level 9, -8/79 HPs)
             Began as a Minotaur Fighter on Nov 21, 2022.
             Was an Initiate of Hepliaklqana.
             Mangled by a komodo dragon (26 damage)
             ... on level 8 of the Dungeon.
             The game lasted 00:54:03 (8468 turns).

Ascent the Cleaver (Minotaur Fighter)               Turns: 8468, Time: 00:54:04

Health: -8/79      AC: 15    Str: 26    XL:     9   Next: 85%
Magic:  8/8        EV:  8    Int: 11    God:    Hepliaklqana [......]
Gold:   431        SH:  5    Dex:  9    Spells: 8/8 levels left

rFire   . . .      SeeInvis .   E - +3 flail
rCold   + . .      Faith    .   c - +0 buckler
rNeg    . . .      Spirit   .   v - +1 chain mail "Enothabi" {rC+ Will+}
rPois   .          Reflect  .   (helmet restricted)
rElec   .          Harm     .   l - +0 cloak
rCorr   +          Rampage  .   e - +0 pair of gloves
Will    +....                   n - +0 pair of boots
Stlth   ..........              (no amulet)
HPRegen 0.23/turn               y - ring of resist corrosion
MPRegen 0.11/turn               J - +6 ring of intelligence

@: no status effects
A: horns 2, retaliatory headbutt
a: Renounce Religion


You were on level 8 of the Dungeon.
You worshipped Hepliaklqana.
Hepliaklqana was noncommittal.
You visited 2 branches of the dungeon, and saw 9 of its levels.
You also visited: Ossuary.

You collected 431 gold pieces.

Inventory:

Hand Weapons
 a - a +0 war axe
 m - a +0 dagger of holy wrath
 E - a +3 flail (weapon)
Missiles
 f - 4 poisoned darts (quivered)
Armour
 b - a +0 scale mail
 c - a +0 buckler (worn)
 e - a +0 pair of gloves (worn)
 l - a +0 cloak (worn)
 n - a +0 pair of boots (worn)
 v - the +1 chain mail "Enothabi" (worn) {rC+ Will+}
   (You took it off a goblin on level 3 of the Dungeon)

   rC:        It protects you from cold.
   Will:      It increases your willpower.
Jewellery
 y - a ring of resist corrosion (left hand)
 J - a +6 ring of intelligence (right hand)
Wands
 s - a wand of polymorph (9)
 u - a wand of charming (7)
 C - a wand of roots (5)
 F - a wand of flame (17)
 I - a wand of light (5)
Scrolls
 g - 4 scrolls of teleportation
 j - 4 scrolls of noise
 r - 2 scrolls of magic mapping
 t - a scroll of enchant armour
 D - 2 scrolls of vulnerability
 G - a scroll of immolation
 H - a scroll of enchant weapon {unknown}
 K - a scroll of silence {unknown}
 L - 2 scrolls of amnesia {unknown}
 M - 2 scrolls of fear {unknown}
Potions
 d - 3 potions of might
 h - 7 potions of curing
 i - 4 potions of degeneration
 k - a potion of flight
 o - 2 potions of lignification {unknown}
 p - 4 potions of attraction {unknown}
 q - a potion of mutation {unknown}
 w - 3 potions of invisibility
 x - 4 potions of brilliance {unknown}
 z - 3 potions of haste {unknown}
 A - a potion of cancellation {unknown}
 B - 2 potions of berserk rage


   Skills:
 + Level 7.6 Fighting
 + Level 1.1 Short Blades
 + Level 9.7(10.8) Axes
 + Level 7.5(9.8) Maces & Flails
 + Level 2.2 Throwing
 + Level 7.6 Armour
 + Level 2.3 Dodging
 + Level 1.1 Stealth
 + Level 5.9 Shields
 + Level 0.3 Evocations


You had 8 spell levels left.
You didn't know any spells.
Your spell library contained the following spells:

 Spells                   Type           Power      Damage    Failure   Level
 Beastly Appendage        Tmut           0%         N/A       94%         1
 Magic Dart               Conj           0%         1d3       94%         1
 Slow                     Hex            0%         N/A       94%         1
 Blink                    Tloc           0%         N/A       98%         2
 Searing Ray              Conj           0%         2d4       98%         2
 Wereblood                Tmut           0%         N/A       98%         2
 Confusing Touch          Hex            0%         N/A       100%        3
 Dazzling Flash           Conj/Hex       0%         N/A       100%        3
 Spider Form              Tmut/Pois      0%         N/A       100%        3
 Vampiric Draining        Necr           0%         2d6       100%        3
 Fulminant Prism          Conj/Hex       0%         3d6       100%        4
 Iskenderun's Mystic Bla  Conj/Tloc      0%         2d3       100%        4
 Olgreb's Toxic Radiance  Pois           0%         N/A       100%        4
 Manifold Assault         Tloc           0%         N/A       100%        5
 Starburst                Conj/Fire      0%         6d3       100%        6
 Ozocubu's Refrigeration  Ice            0%         4d7       100%        7
 Storm Form               Tmut/Air       0%         N/A       100%        7
 Ignition                 Fire           0%         3d3       100%        8


Dungeon Overview and Level Annotations

Branches:
Dungeon (8/15)             Temple (1/1) D:7         Ossuary (visited)
   Lair: D:8-11

Altars:
Dithmenos
Elyvilon
Fedhas
Gozag
Hepliaklqana
Kikubaaqudgha
Makhleb
Nemelex Xobeh
Okawaru
Qazlal
Sif Muna
Trog
Uskayaw
Vehumet
Wu Jian
Xom
Yredelemnul
Zin
The Shining One

Shops:
D:6 (   D:7 =

Annotations:
D:2 1 runed translucent door, Crazy Yiuf
D:3 2 transporters, hawla's ghost, weakling MeWn


Innate Abilities, Weirdness & Mutations

You have a pair of horns on your head.
You reflexively headbutt those who attack you in melee.


Message History

The komodo dragon is moderately wounded.
You block the komodo dragon's attack. The orc hits you but does no damage.
You closely miss the komodo dragon.
The komodo dragon is moderately wounded.
You block the komodo dragon's attack. The orc hits you but does no damage.
You barely miss the komodo dragon.
You headbutt the komodo dragon, but do no damage.
The komodo dragon is moderately wounded.
The komodo dragon bites you but does no damage.
The orc hits you but does no damage.
You barely miss the komodo dragon.
The komodo dragon is moderately wounded.
The komodo dragon bites you!!
The orc priest miscasts a cantrip.
The orc hits you but does no damage.
Throw: 5 darts (poison)
Press: ? - help, Q - select action, (/) - cycle Shift-Dir - straight line, f - komodo dragon
Aim: a komodo dragon (moderately wounded, 67% to hit)
You throw a poisoned dart.
The poisoned dart closely misses the komodo dragon.
The poisoned dart barely misses the orc.
The poisoned dart closely misses the orc priest.
The komodo dragon bites you but does no damage.
You barely miss the komodo dragon. Your headbutt misses the komodo dragon.
The komodo dragon is moderately wounded.
The orc closely misses you.
The komodo dragon bites you but does no damage.
You closely miss the komodo dragon. You headbutt the komodo dragon!
The komodo dragon is heavily wounded.
The orc barely misses you. The komodo dragon bites you!!
* * * LOW HITPOINT WARNING * * *
Read: 2 scrolls of immolation
Press: ? - help, Q - select action, (/) - cycle Dir - look around, f - activate Look: an orc, wielding a +0 trident (susceptible)
As you read the scroll of immolation, it crumbles to dust.
The creatures around you are filled with an inner flame!
The orc hits you from afar with a +0 trident.
* * * LOW HITPOINT WARNING * * *
The komodo dragon bites you!!
You die...

................+....#...#
.###..###.####.###..###.##+#
.###..###.####+###+####+##.##
.......#.........#..........#
.......#.........'..........#
.###..###'####..##...##l..### ##
.###..###..#######...##...###...
.)..[[...........#o.............
.)..............@loo...(........
.##..##########'###..##..###....
###..###.####...###..##..## .. .
.#))................<.#...#
.#..).................'...#
.##......#.......##..##..##
###......##......##..##..#
..........#......#...#.>..#
..........#...#..+...#....#


You could see a komodo dragon (inner flame), an orc priest (inner flame) and 2
orcs.

Vanquished Creatures
  Grinder (D:4)
  A wyvern (D:6)
  A water moccasin (D:7)
  2 orc warriors
  A sky beast (D:7)
  A black bear (D:6)
  2 ice beasts
  3 ogres
  A kobold brigand (D:8)
  3 bullfrogs
  8 scorpions
  2 necrophages
  3 wights (D:6)
  3 howler monkeys (D:8)
  2 centaur zombies (Ossuary)
  3 hounds
  3 human zombies (Ossuary)
  3 orc priests
  4 gnoll boudas
  2 iguanas
  6 scorpion zombies (Ossuary)
  Terence (D:2)
  6 orc wizards
  3 mummies (Ossuary)
  4 adders
  16 gnolls
  A shadow imp (D:8)
  5 white imps
  An ufetubus (D:5)
  2 worms
  23 orcs
  2 bats
  7 endoplasms
  3 giant cockroaches (D:4)
  10 goblins
  7 hobgoblins
  4 quokkas
  4 ball pythons
  3 frilled lizards
  2 gnoll zombies (Ossuary)
  3 goblin zombies (Ossuary)
  6 kobolds
  A kobold zombie (Ossuary)
  An orc zombie (Ossuary)
  17 rats
187 creatures vanquished.

Vanquished Creatures (others)
  An orc (D:6)
  35 plants
36 creatures vanquished.

Grand Total: 223 creatures vanquished

Notes
Turn   | Place    | Note
-------+----------+-------------------------------------------
     0 | D:1      | Ascent the Minotaur Fighter began the quest for the Orb.
     0 | D:1      | Reached XP level 1. HP: 19/19 MP: 0/0
   559 | D:1      | Reached XP level 2. HP: 27/27 MP: 1/1
  1217 | D:2      | Reached XP level 3. HP: 33/33 MP: 2/2
  1222 | D:2      | Reached skill level 1 in Short Blades
  1364 | D:2      | Noticed Terence
  1370 | D:2      | Killed Terence
  1371 | D:2      | Reached XP level 4. HP: 41/41 MP: 3/3
  1540 | D:2      | Found a runed translucent door.
  1541 | D:2      | Noticed Crazy Yiuf
  1788 | D:3      | Found a transporter.
  1788 | D:3      | Noticed hawla's ghost (weakling MeWn)
  1805 | D:3      | Identified the +1 chain mail "Enothabi" {rC+ Will+}
  1823 | D:3      | Found a transporter.
  2044 | D:4      | Reached skill level 3 in Axes
  2318 | D:4      | Reached XP level 5. HP: 38/47 MP: 4/4
  2324 | D:4      | Reached skill level 4 in Axes
  2344 | D:4      | Reached skill level 5 in Fighting
  2347 | D:4      | Reached skill level 5 in Axes
  2424 | D:4      | Reached XP level 6. HP: 47/56 MP: 5/5
  2512 | D:4      | Found a stormy altar of Qazlal.
  2755 | D:4      | You fall into a shaft and drop 1 floor!
  2755 | D:5      | Entered Level 5 of the Dungeon
  2892 | D:4      | Noticed Grinder
  2914 | D:4      | Killed Grinder
  2915 | D:4      | Reached skill level 6 in Axes
  2915 | D:4      | Reached skill level 1 in Dodging
  2915 | D:4      | Reached XP level 7. HP: 42/61 MP: 6/6
  3289 | D:4      | Reached skill level 7 in Axes
  3289 | D:4      | Reached skill level 1 in Throwing
  3289 | D:4      | Reached skill level 5 in Armour
  3501 | D:4      | Found a bloodstained altar of Trog.
  3924 | D:5      | Reached skill level 1 in Stealth
  4048 | D:5      | Found a hide-covered altar of Uskayaw.
  4509 | D:6      | Noticed a wyvern
  4550 | D:6      | Reached skill level 5 in Shields
  4589 | D:6      | Killed a wyvern
  4590 | D:6      | Reached skill level 8 in Axes
  4590 | D:6      | Reached XP level 8. HP: 34/70 MP: 7/7
  5036 | D:6      | Found Luzud's Weapon Shop.
  5339 | D:6      | Reached skill level 1 in Maces & Flails
  5502 | D:6      | Reached skill level 9 in Axes
  5523 | D:6      | Found a white marble altar of Elyvilon.
  5758 | D:7      | Found Metetuc's Jewellery Boutique.
  5812 | D:7      | Reached XP level 9. HP: 71/78 MP: 8/8
  6103 | D:7      | Found a large runed translucent door.
  6105 | D:7      | Found a large runed translucent door.
  6543 | D:7      | Found a staircase to the Ecumenical Temple.
  6563 | Temple   | Entered the Ecumenical Temple
  6572 | Temple   | Became a worshipper of Hepliaklqana the Forgotten
  7139 | D:7      | Found a glowing silver altar of Zin.
  7577 | D:8      | Reached skill level 5 in Maces & Flails
  7777 | D:8      | Found a sand-covered staircase.
  7784 | Ossuary  | Entered an ossuary
  8418 | D:8      | Noticed a komodo dragon
  8468 | D:8      | Mangled by a komodo dragon

Illustrated notes

Levels and vault maps discovered:
D:1:      reono_arrival_mine, layout_loops_ring, serial_forest,
          infiniplex_forest_straight_5, infiniplex_forest_lined_3_way,
          infiniplex_forest_lined_corner, infiniplex_forest_straight_1,
          infiniplex_forest_lined_4_way, infiniplex_forest_straight_3,
          infiniplex_forest_clump_medium, infiniplex_forest_clump_small,
          minmay_rat_gold_closets
D:2:      layout_rooms, uniq_terence, uniq_crazy_yiuf_cottage
D:3:      layout_rooms, gammafunk_ghost_stat_death, supply_closet_lemuel
D:4:      layout_basic, trog_book, overflow_temple_1_default, st_stairs_8,
          uniq_grinder
D:5:      layout_loops_corners, general_overflow_altar
D:6:      kennysheep_housing_project, layout_cave_pools,
          nicolae_elyvilon_temple_path, serial_shops,
          nicolae_shop_bloodbath_and_beyond
D:7:      layout_basic, jmf_multi_god_temple2, minmay_temple_entry_nine_rooms,
          serial_shops, nicolae_stop_n_shop_2
D:8:      layout_gridville, mainiacjoe_overflow_catwalk, enter_ossuary_1
Temple:   minmay_temple_curvy_branch

Skill      XL: |  1  2  3  4  5  6  7  8  9 |
---------------+----------------------------+-----
Fighting       | 4 5 6 7 |  7.6
Shields        | 4 5 |  5.9
Armour         | 4 5 6 7 |  7.6
Short Blades   | 1 |  1.1
Axes           | 3 5 6 8 9 |  9.7
Dodging        | 1 2 |  2.3
Throwing       | 1 2 |  2.2
Stealth        | 1 |  1.1
Maces & Flails | 2 7 |  7.5
Evocations     | |  0.3

Action                   |  1- 3 |  4- 6 |  7- 9 || total
-------------------------+-------+-------+-------++-------
Melee: Dagger            |    66 |       |       ||    66
       War axe           |    24 |   138 |   113 ||   275
       Headbutt          |    18 |    24 |    68 ||   110
       Flail             |       |       |   256 ||   256
Throw: Dart              |     3 |     4 |    17 ||    24
Evoke: Wand              |       |       |     3 ||     3
  Use: Potion            |       |     1 |       ||     1
       Scroll            |       |       |    12 ||    12
Armor: Scale mail        |    24 |     2 |       ||    26
       Chain mail        |       |    64 |   202 ||   266
Dodge: Dodged            |    27 |    43 |   102 ||   172
Block: Buckler           |     9 |    19 |    79 ||   107
